 Dungeon Crawl Stone Soup version 0.29.1-2-gbd0b4ee654 (webtiles) character file.

Game seed: 558615163418432588

193 fleeber the Trooper (level 5, -9/47 HPs)
             Began as a Minotaur Fighter on Nov 18, 2022.
             Killed by divine providence
             ... invoked by an orc priest
              (16 damage)
             ... on level 3 of the Dungeon on Nov 19, 2022.
             The game lasted 00:09:44 (2386 turns).

fleeber the Trooper (Minotaur Fighter)              Turns: 2386, Time: 00:09:45

Health: -9/47      AC:  7    Str: 22    XL:     5   Next: 44%
Magic:  4/4        EV: 10    Int:  5    God:
Gold:   137        SH:  0    Dex: 10    Spells: 4/4 levels left

rFire   . . .      SeeInvis .   a - +0 war axe
rCold   . . .      Faith    .   c - +0 buckler
rNeg    . . .      Spirit   .   b - +0 scale mail
rPois   .          Reflect  .   (helmet restricted)
rElec   .          Harm     .   (no cloak)
rCorr   .          Rampage  .   (no gloves)
Will    .....                   (no boots)
Stlth   ..........              (no amulet)
HPRegen 0.15/turn               (no ring)
MPRegen 0.09/turn               (no ring)

@: confused
A: horns 2, retaliatory headbutt
a: no special abilities


You were on level 3 of the Dungeon.
You visited 1 branch of the dungeon, and saw 3 of its levels.

You collected 137 gold pieces.

Inventory:

Hand Weapons
 a - a +0 war axe (weapon)
Missiles
 f - 38 stones (quivered)
Armour
 b - a +0 scale mail (worn)
 c - a +0 buckler (worn)
Scrolls
 i - a scroll of noise {unknown}
 k - a scroll of blinking {unknown}
 l - a scroll of summoning {unknown}
 m - a scroll of vulnerability {unknown}
 n - a scroll of amnesia {unknown}
 p - 2 scrolls of identify {unknown}
 q - a scroll of fear {unknown}
Potions
 d - a potion of might
 e - a potion of cancellation {unknown}
 g - a potion of magic {unknown}
 h - a potion of resistance {unknown}
 j - 3 potions of curing {unknown}
 o - a potion of ambrosia {unknown}


   Skills:
 + Level 4.5 Fighting
 * Level 4.5 Axes
 + Level 4.4 Armour
 + Level 1.9 Dodging
 + Level 4.5 Shields


You had 4 spell levels left.
You didn't know any spells.
Your spell library was empty.

Dungeon Overview and Level Annotations

Branches:
Dungeon (3/15)

Altars:
Qazlal
Ru
Trog

Shops:
D:2 !([([


Innate Abilities, Weirdness & Mutations

You have a pair of horns on your head.
You reflexively headbutt those who attack you in melee.


Message History

You are too injured to fight recklessly!
You are too injured to fight recklessly!
You bump into the rock wall.
You feel less confused.
You hit something.
Something hits you but does no damage. x2
The orc priest hits you with a +0 dagger.
You hit something but do no damage. Your headbutt misses something.
You hit the orc priest.
The orc priest hits you with a +0 dagger.
Something hits you but does no damage.
You hit something. You hit the orc priest. You block the orc priest's attack.
You hear some strange, mumbled words.
Something tries to affect you, but you resist.
You closely miss something.
You hit the orc priest but do no damage.
Something hits you but does no damage.
The orc priest hits you but does no damage.
You hear some strange, mumbled words.
You are confused.
The orc priest hits you but does no damage.
You bump into the rock wall.
The orc priest hits you with a +0 dagger.
* * * LOW HITPOINT WARNING * * *
You hear some strange, mumbled words.
A magic dart appears from out of thin air!
The magic dart hits you.
* * * LOW HITPOINT WARNING * * *
You bump into the rock wall.
The orc priest closely misses you. Something hits you.
* * * LOW HITPOINT WARNING * * *
You completely miss something. Your headbutt misses something.
You completely miss the orc priest.
The orc priest hits you with a +0 dagger.
* * * LOW HITPOINT WARNING * * *
Something hits you but does no damage.
You hit something but do no damage. Your headbutt misses something.
You barely miss the orc priest.
The orc priest calls down the wrath of Beogh upon you.
Beogh smites you!
You die...

####### ≈≈≈≈≈≈≈
≈≈≈≈≈≈≈#####≈≈≈≈≈≈≈
≈≈≈≈≈~≈≈≈≈≈≈≈≈≈≈≈~≈
≈~~~~~~~~~~~~~~~~~~
...................
...................
..............[....
....#######..#######
................@{.#
.#..#############o##
.......# #.#
#....#.# #)#
###'.#.# #.#
..)#.#.# #.#
..)#.#.# #.#
...###.##########.#
.### #.#.......##.#


You could see an orc priest.

Vanquished Creatures
  A scorpion (D:3)
  An orc wizard (D:3)
  Robin (D:2)
  An adder (D:3)
  A worm (D:2)
  A dart slug (D:2)
  4 orcs (D:3)
  4 bats
  4 endoplasms
  5 giant cockroaches
  21 goblins
  8 hobgoblins
  6 kobolds
  A quokka (D:2)
  A ball python (D:1)
  5 frilled lizards
  8 rats
73 creatures vanquished.

Vanquished Creatures (others)
  A wizard (D:3)
1 creature vanquished.

Grand Total: 74 creatures vanquished

Notes
Turn   | Place    | Note
-------+----------+-------------------------------------------
     0 | D:1      | fleeber the Minotaur Fighter began the quest for the Orb.
     0 | D:1      | Reached XP level 1. HP: 19/19 MP: 0/0
   236 | D:1      | Reached XP level 2. HP: 27/27 MP: 1/1
   548 | D:2      | Found Itaceud's Weapon Emporium.
   883 | D:2      | Reached XP level 3. HP: 33/33 MP: 2/2
   897 | D:2      | Reached skill level 1 in Dodging
   916 | D:2      | Noticed Robin
   986 | D:2      | Found Derhusi's Distillery.
  1057 | D:2      | Killed Robin
  1152 | D:2      | Found Weirivon's Antique Weapon Emporium.
  1198 | D:2      | Found the +5 glaive of the Guard {elec, spectral, AC+5}
  1228 | D:2      | Found Kiosotast's Antique Armour Shop.
  1308 | D:2      | Found Eczis's Armour Emporium.
  1498 | D:3      | Found a stormy altar of Qazlal.
  1613 | D:3      | Reached XP level 4. HP: 25/40 MP: 3/3
  1860 | D:3      | Found a sacrificial altar of Ru.
  1976 | D:3      | Found a faded altar of an unknown god.
  2043 | D:3      | Found a bloodstained altar of Trog.
  2046 | D:3      | Noticed a wizard
  2052 | D:3      | Killed a wizard
  2241 | D:3      | Noticed a scorpion
  2255 | D:3      | Killed a scorpion
  2256 | D:3      | Reached XP level 5. HP: 43/47 MP: 4/4
  2386 | D:3      | Killed from afar by an orc priest

Illustrated notes

Levels and vault maps discovered:
D:1:      elethiomel_arrival_quiet, layout_basic
D:2:      layout_basic, serial_shops, shop, nicolae_shop_overgrown_old_shop,
          shop, shop, nicolae_shop_advertising_works
          [nicolae_subvault_shop_adworks], uniq_robin
D:3:      minmay_goblin_kobold_castle, layout_basic,
          nicolae_ru_great_annihilating_truth, trog_wizard,
          mainiacjoe_overflow_boulevard, shapermc_ecumenical_altar_totnotflames

Skill      XL: |  1  2  3  4 |
---------------+-------------+-----
Axes           | 3 4 |  4.5
Dodging        | 1 |  1.9
Fighting       | 4 |  4.5
Shields        | 4 |  4.5
Armour         | 4 |  4.4

Action                   |  1- 3 |  4- 6 || total
-------------------------+-------+-------++-------
Melee: War axe           |    91 |    53 ||   144
       Headbutt          |    14 |     4 ||    18
 Stab: Invisible         |       |     1 ||     1
Armor: Scale mail        |    34 |    22 ||    56
Dodge: Dodged            |    40 |    17 ||    57
Block: Buckler           |    11 |     9 ||    20
